 Dungeon Crawl Stone Soup version 0.29-a0-613-gf2c431b9b9 (webtiles) character file.

Game seed: 12099600657059804631

964 HoaS the Archer (level 8, -1/44 HPs)
             Began as a Gargoyle Hunter on June 16, 2022.
             Slain by a black bear (2 damage)
             ... on level 6 of the Dungeon.
             The game lasted 00:09:00 (3903 turns).

HoaS the Archer (Gargoyle Hunter)                   Turns: 3903, Time: 00:09:01

Health: -1/44      AC: 14    Str: 16    XL:     8   Next: 15%
Magic:  8/8        EV: 11    Int:  9    God:
Gold:   214        SH:  0    Dex: 15    Spells: 7/7 levels left

rFire   . . .      SeeInvis .   a - +2 shortbow
rCold   . . .      Faith    .   (shield currently unavailable)
rNeg    + . .      Spirit   .   l - +1 ring mail
rPois   ∞          Reflect  .   (no helmet)
rElec   +          Harm     .   f - +2 cloak
rCorr   .          Rampage  .   (no gloves)
Will    .....                   (no boots)
Stlth   +.........              g - amulet of regeneration
HPRegen 0.94/turn               (no ring)
MPRegen 0.11/turn               (no ring)

@: no status effects
A: sickness immunity, AC +5, negative energy resistance 1, electricity
resistance, torment resistance 1, petrification resistance
a: no special abilities


You were on level 6 of the Dungeon.
You visited 1 branch of the dungeon, and saw 6 of its levels.

You collected 214 gold pieces.

Inventory:

Hand Weapons
 a - a +2 shortbow (weapon)
Armour
 b - a +0 chain mail
 f - a +2 cloak (worn)
 l - a +1 ring mail (worn)
 p - a +0 scale mail
Jewellery
 g - an amulet of regeneration (around neck)
 o - a ring of positive energy
Wands
 n - a wand of quicksilver (7)
Scrolls
 c - 2 scrolls of immolation
 e - a scroll of fog
Potions
 d - a potion of resistance
 i - 2 potions of curing
 j - 2 potions of attraction
 k - a potion of flight {unknown}
 m - a potion of haste {unknown}


   Skills:
 - Level 2.1 Fighting
 + Level 10.0 Bows
 - Level 1.5 Dodging
 - Level 1.1 Stealth


You had 7 spell levels left.
You didn't know any spells.
Your spell library contained the following spells:

 Spells                   Type           Power      Damage    Failure   Level
 Gell's Gravitas          Tloc           0%         N/A       93%         3
 Teleport Other           Tloc           0%         N/A       93%         3
 Dispersal                Tloc           0%         N/A       100%        6
 Borgnjor's Revivificati  Necr           0%         N/A       100%        8
 Necromutation            Tmut/Necr      0%         N/A       100%        8
 Death's Door             Necr           0%         N/A       100%        9


Dungeon Overview and Level Annotations

Branches:
Dungeon (6/15)
 Temple: D:4-7

Altars:
Elyvilon
Xom
The Shining One

Annotations:
D:6 Eustachio


Innate Abilities, Weirdness & Mutations

You are immune to sickness and miasma.
Your stone body is resilient. (AC +5)
You are immune to poison.
You resist negative energy. (rN+)
You are resistant to electric shocks. (rElec)
You are resistant to unholy torment.
You are immune to petrification.


Message History

The black bear closely misses you.
The black bear claws you but does no damage.
The black bear barely misses you. The river rat barely misses you.
Eustachio closely misses you. The iron imp misses you.
The quokka bites you but does no damage.
Shoot: a) +2 shortbow
Press: ? - help, Q - select action, (/) - cycle Shift-Dir - straight line, f/p - Eustachio
Aim: Eustachio, wielding a +0 rapier and wearing a +0 leather armour of fire resistance (severely wounded, 58% to hit)
You shoot an arrow. The arrow closely misses Eustachio.
The black bear bites you but does no damage.
The black bear claws you but does no damage. x2
The river rat barely misses you. Eustachio hits you but does no damage.
The quokka bites you but does no damage.
The iron imp hits you but does no damage.
Shoot: a) +2 shortbow
Press: ? - help, Q - select action, (/) - cycle Shift-Dir - straight line, f/p - Eustachio
Aim: Eustachio, wielding a +0 rapier and wearing a +0 leather armour of fire resistance (severely wounded, 58% to hit)
You shoot an arrow. The arrow barely misses Eustachio.
The iron imp disappears in a puff of smoke!
The black bear bites you but does no damage.
The black bear claws you but does no damage.
The black bear closely misses you. Eustachio hits you but does no damage.
The river rat bites you.
* * * LOW HITPOINT WARNING * * *
The quokka misses you.
Shoot: a) +2 shortbow
Press: ? - help, Q - select action, (/) - cycle Shift-Dir - straight line, f/p - Eustachio
Aim: Eustachio, wielding a +0 rapier and wearing a +0 leather armour of fire resistance (severely wounded, 58% to hit)
You shoot an arrow. The arrow hits Eustachio.
Eustachio is severely wounded.
The quokka bites you but does no damage.
The black bear bites you.
* * * LOW HITPOINT WARNING * * *
The black bear claws you but does no damage. x2
Eustachio hits you with a +0 rapier.
* * * LOW HITPOINT WARNING * * *
The river rat bites you but does no damage.
The quokka misses you. The black bear completely misses you.
The black bear claws you.
You die...

#######
#.....#
#<....#
#.....#
#.....#
#####.....#
.......@..#
......h@r.+
.......§r.#
............#
......#.#..##
......#.#..#
......#.#..#
..... #.. .#
..... #.. .#


You could see Eustachio, a black bear, a river rat (summoned) and a quokka
(summoned).

Vanquished Creatures
  Duvessa (D:4)
  An ice beast (D:3)
  Pargi (D:3)
  A phantom (D:4)
  A gnoll sergeant (D:5)
  2 scorpions (D:4)
  Dowan (D:4)
  A hound (D:2)
  2 orc priests (D:5)
  Crazy Yiuf (D:2)
  2 iguanas (D:4)
  Natasha (D:3)
  An orc wizard (D:5)
  5 adders
  3 gnolls
  A worm (D:4)
  A dart slug (D:1)
  2 orcs (D:5)
  7 endoplasms
  6 giant cockroaches
  12 goblins
  5 hobgoblins
  8 jackals
  12 kobolds
  4 quokkas
  6 ball pythons
  7 bats
  2 frilled lizards
  7 rats
104 creatures vanquished.

Notes
Turn   | Place    | Note
-------+----------+-------------------------------------------
     0 | D:1      | HoaS the Gargoyle Hunter began the quest for the Orb.
     0 | D:1      | Reached XP level 1. HP: 12/12 MP: 1/1
   116 | D:1      | Reached XP level 2. HP: 16/17 MP: 2/2
   524 | D:1      | Reached XP level 3. HP: 21/21 MP: 3/3
   564 | D:1      | Reached skill level 5 in Bows
   741 | D:1      | Found a faded altar of an unknown god.
   968 | D:2      | Found a runed translucent door.
   969 | D:2      | Noticed Crazy Yiuf
   997 | D:2      | Reached XP level 4. HP: 24/26 MP: 4/4
  1409 | D:2      | Reached skill level 6 in Bows
  1409 | D:2      | Reached XP level 5. HP: 30/30 MP: 5/5
  1886 | D:3      | Found a shimmering altar of Xom.
  2096 | D:3      | Noticed an ice beast
  2115 | D:3      | Killed an ice beast
  2116 | D:3      | Reached skill level 7 in Bows
  2116 | D:3      | Reached XP level 6. HP: 9/35 MP: 6/6
  2165 | D:3      | Noticed Natasha
  2208 | D:3      | Noticed Pargi
  2216 | D:3      | Killed Pargi
  2302 | D:3      | Found a white marble altar of Elyvilon.
  2736 | D:3      | Killed Natasha
  2813 | D:2      | Killed Crazy Yiuf
  2976 | D:4      | Reached skill level 8 in Bows
  2999 | D:4      | Reached XP level 7. HP: 40/40 MP: 7/7
  3315 | D:4      | Noticed Duvessa
  3315 | D:4      | Noticed Dowan
  3328 | D:4      | Killed Dowan
  3331 | D:4      | Killed Duvessa
  3332 | D:4      | Reached skill level 9 in Bows
  3527 | D:4      | Found a glowing golden altar of the Shining One.
  3663 | D:5      | Entered Level 5 of the Dungeon
  3762 | D:4      | Reached XP level 8. HP: 44/44 MP: 8/8
  3862 | D:5      | Reached skill level 10 in Bows
  3873 | D:5      | Noticed Eustachio
  3903 | D:6      | HP: 1/44 [Eustachio/+0 rapier (4)]
  3903 | D:6      | Slain by a black bear

Illustrated notes

Levels and vault maps discovered:
D:1:      dpeg_arrival_leaves_temple_mockup, layout_loops_ring,
          shapermc_ecumenical_altar_notcrosses
D:2:      layout_basic, serial_glass, glass_columns_b, glass_columns_c,
          due_unseen_surprise, item_on_display_a, serial_park_tiny_1,
          uniq_crazy_yiuf_cottage
D:3:      layout_loops_corners, mainiacjoe_overflow_boulevard,
          lemuel_tele_altar, uniq_natasha, uniq_pargi
D:4:      layout_rooms, mainiacjoe_overflow_chevrons, uniq_duvessa
D:5:      wander_guarded_unrand_ratskin, layout_basic,
          nicolae_wu_jian_wuxing_cycle, nicolae_uskayaw_en_pointe,
          uniq_eustachio
D:6:      kennysheep_spiral_hall, layout_basic, marbit_many_paths,
          lemuel_crystal_altar, mainiacjoe_overflow_cross_hatched, minivault_4

Skill      XL: |  1  2  3  4  5  6  7  8 |
---------------+-------------------------+-----
Bows           | 5 6 7 8 9 10 | 10.0
Fighting       | |  2.1
Dodging        | |  1.5
Stealth        | |  1.1

Action                   |  1- 3 |  4- 6 |  7- 9 || total
-------------------------+-------+-------+-------++-------
 Fire: Shortbow          |    91 |   185 |   137 ||   413
  Use: Scroll            |     3 |     7 |     6 ||    16
       Potion            |       |     1 |     1 ||     2
Armor: Leather armour    |    15 |    15 |       ||    30
       Ring mail         |       |    36 |    97 ||   133
Dodge: Dodged            |    24 |    60 |    98 ||   182

Table legend: (Time is in decaauts)
 A = Elapsed time spent in this place.
 B = Non-inter-level travel time spent in this place.
 C = Inter-level travel time spent in this place.
 D = Time resting spent in this place.
 E = Time spent auto-exploring this place.
 F = Levels seen in this place.
 G = Mean time per level.
                   A        B        C        D        E       F      G
               +--------+--------+--------+--------+--------+-----+--------+
         Total |   4003 |   3828 |    175 |    464 |   2495 |   6 |  667.2 |
       Dungeon |   4003 |   3828 |    175 |    464 |   2495 |   6 |  667.2 |
               +--------+--------+--------+--------+--------+-----+--------+

Top non-repeatable levels by time:
     D:2: 1138 daAuts
     D:3: 994 daAuts
     D:1: 901 daAuts
     D:4: 739 daAuts
     D:5: 207 daAuts
     D:6: 21 daAuts
